 Dungeon Crawl Stone Soup version 0.24.0-13-gcf9b319 (webtiles) character file.

Game seed: 17979595922989040177, levelgen mode: deterministic

85 Bronimir the Firebug (level 4, -4/40 HPs)
             Began as an Ogre Fire Elementalist on Mar 29, 2020.
             Slain by Terence
             ... wielding a +0 mace
              (6 damage)
             ... on level 1 of the Dungeon.
             The game lasted 00:06:56 (2779 turns).

Bronimir the Firebug (Ogre Fire Elementalist)       Turns: 2779, Time: 00:06:57

Health: -4/40      AC:  3    Str:  9 (12) XL:     4   Next: 48%
Magic:  2/8        EV:  9    Int: 14 (17) God:
Gold:   95         SH:  0    Dex:  6 (9)  Spells: 3/9 levels left

rFire    . . .     SeeInvis .   a - +1 hand axe
rCold    . . .     Gourm    .   (no shield)
rNeg     . . .     Faith    .   b - +0 robe
rPois    .         Spirit   .   f - +0 hat
rElec    .         Reflect  .   (no cloak)
rCorr    .         Harm     .   (gloves unavailable)
MR       .....                  (boots unavailable)
Stlth    +.........             (no amulet)
HPRegen  0.13/turn              (no ring)
MPRegen  0.11/turn              (no ring)

@: very slightly contaminated, hasted, very quick
A: large, unfitting armour, tough skin 1
a: no special abilities


You were on level 1 of the Dungeon.
You were hungry.

You visited 1 branch of the dungeon, and saw 2 of its levels.

You collected 95 gold pieces.

Inventory:

Hand Weapons
 a - a +1 hand axe (weapon)
 e - a +0 club
 k - a +0 club
Missiles
 g - 97 stones (quivered)
Armour
 b - a +0 robe (worn)
 f - a +0 hat (worn)
Potions
 h - a potion of curing
 i - a potion of magic
Comestibles
 c - 4 rations


   Skills:
 + Level 0.7 Fighting
 + Level 1.9 Dodging
 - Level 1.4 Stealth
 * Level 3.3 Spellcasting
 * Level 1.8 Conjurations
 * Level 3.7 Fire Magic


You had 3 spell levels left.
You knew the following spells:

 Your Spells              Type           Power        Failure   Level  Hunger
a - Flame Tongue          Conj/Fire      ##...        7%          1    #......
b - Throw Flame           Conj/Fire      ##....       10%         2    ##.....
c - Conjure Flame         Conj/Fire      ##......     21%         3    ###....

Your spell library contained the following spells:

 Spells                   Type           Power        Failure   Level  Hunger
 Inner Flame              Hex/Fire       #.......     28%         3    ###....
 Sticky Flame             Conj/Fire      ##......     54%         4    #####..
 Fireball                 Conj/Fire      ##........   88%         5    ######.


Dungeon Overview and Level Annotations

Branches:
Dungeon (2/15)

Altars:

Annotations:
D:1 Terence
D:2 Sigmund


Innate Abilities, Weirdness & Mutations

You are too large for most types of armour.
You have tough skin. (AC +1)


Message History

Aim: Terence, wielding a +0 mace and wearing a +2 scale mail of fire resistance (almost dead)
The flame tongue hits Terence but does no damage.
Terence is almost dead.
Terence closely misses you.
Casting: Flame Tongue (safe; 7% risk of failure)
Confirm with . or Enter, or press ? or * to list all spells.
Aiming: Flame Tongue (safe; 7% risk of failure)
Press: ? - help, Shift-Dir - straight line, f/p - Terence
Aim: Terence, wielding a +0 mace and wearing a +2 scale mail of fire resistance (almost dead)
You miscast Flame Tongue.
You are very lightly contaminated with residual magic.
Nothing appears to happen.
You hit Terence but do no damage.
Terence is almost dead.
Terence hits you with a +0 mace.
* * * LOW HITPOINT WARNING * * *
You barely miss Terence.
Terence is almost dead.
Terence hits you with a +0 mace.
You die...

#.#######.....#.#
##.
#......##.###.#.#
##.. ######.#..#
#.#.#####..#
#.#..###.#...@...##
#.#......#######..#
#.#.###### ##).
#.#.# ##. ##.#@# #.
#..@.# #. #..#####
#. #......# #.
#.####.# #. #.# #.#
##. #.# #.# ####..
#.####.### #.....
#........######.##..
######..........#...


You could see Terence.

Vanquished Creatures
  3 adders (D:2)
  3 worms (D:2)
  2 dart slugs (D:1)
  2 leopard geckos
  2 ball pythons
  6 goblins
  3 hobgoblins
  8 bats
  3 frilled lizards
  10 kobolds
  4 rats
46 creatures vanquished.

Notes
Turn   | Place    | Note
-------+----------+-------------------------------------------
     0 | D:1      | Bronimir the Ogre Fire Elementalist began the quest for the
                  | Orb.
     0 | D:1      | Reached XP level 1. HP: 16/16 MP: 3/3
   184 | D:1      | Reached XP level 2. HP: 24/24 MP: 3/5
   790 | D:1      | Reached skill level 1 in Conjurations
   920 | D:1      | Learned a level 2 spell: Throw Flame
   920 | D:1      | Reached XP level 3. HP: 31/31 MP: 4/7
  1194 | D:2      | Learned a level 3 spell: Conjure Flame
  1315 | D:2      | Noticed Terence
  1628 | D:2      | Reached XP level 4. HP: 24/40 MP: 1/8
  2645 | D:2      | Noticed Sigmund
  2778 | D:1      | HP: 2/40 [Terence/+0 mace (2)]
  2779 | D:1      | Slain by Terence

Levels and vault maps discovered:
D:1:      mushboom_english_gardens, layout_loops_ring
D:2:      layout_basic, first_ration, minmay_misc_feat_rows,
          small_statue_intersection, uniq_terence, uniq_sigmund

Skill      XL: |  1  2  3 |
---------------+----------+-----
Fire Magic     | 3 |  3.7
Conjurations   | 1 |  1.8
Spellcasting   | 3 |  3.3
Fighting       | |  0.7
Dodging        | |  1.9
Stealth        | |  1.4

Action                   |  1- 3 |  4- 6 || total
-------------------------+-------+-------++-------
Melee: Hand axe          |     8 |    31 ||    39
Throw: Stone             |       |     5 ||     5
 Cast: Flame Tongue      |    57 |    43 ||   100
       Throw Flame       |     6 |     2 ||     8
       Conjure Flame     |       |     1 ||     1
  Use: Scroll            |     3 |       ||     3
       Potion            |     2 |     3 ||     5
  Eat: Chunk             |     2 |       ||     2
       Ration            |     1 |       ||     1
Armor: Robe              |    13 |    10 ||    23
Dodge: Dodged            |    35 |    23 ||    58
